Warning! The script has encountered some errors when parsing the replay. Please report them to the . » details
0x00, prev: 0x16: 16 02 0A 00 7F 6C 00 00 35 48 02 00 D3 69 00 00 61 DC 03 00 52 5B 00 00 59 C8 00 00 AB 5A 00 00 D1 B2 00 00 1D 64 00 00 94 FF 00 00 08 65 00 00 70 75 05 00 81 6E 00 00 7E 77 04 00 EF 6E 00 00 00 FA 01 00 64 71 00 00 C6 06 05 00 AF 72 00 00 8A 30 05 00 [00] 00 00 00 00 00 00 00 00 00 00 00 00 00 00 00 00 00 00 00 00 00 00 00 00 00
0x00, prev: 0x00: 16 02 0A 00 7F 6C 00 00 35 48 02 00 D3 69 00 00 61 DC 03 00 52 5B 00 00 59 C8 00 00 AB 5A 00 00 D1 B2 00 00 1D 64 00 00 94 FF 00 00 08 65 00 00 70 75 05 00 81 6E 00 00 7E 77 04 00 EF 6E 00 00 00 FA 01 00 64 71 00 00 C6 06 05 00 AF 72 00 00 8A 30 05 00 00 00 00 00 00 00 00 00 00 00 00 00 00 00 00 00 00 00 00 00 00 00 00 00 [00] 00
General information
- name: 2v2 /w obs no retards
- type: Custom game
- host: FranticGecko
- saver: Rush[yyz]
map: TwistedMeadows
- players: 12
- length: 16:26
- speed: Fast
- version: 1.23 W3XP
- replay type: Public
» download(69 KB)
Players
team 1 (winner)
FranticGecko (
pink | 234 APM | 3840 actions | 16:25)
5 Death Knight
3 Death Coil
2 Unholy Aura
4 Lich
2 Frost Nova
2 Frost Armor
3 Crypt Lord
2 Impale
1 Spiked Carapace
» actions
| Assign group hotkey | 2516 | |
| Basic commands | 203 | |
| Build / train | 49 | |
| Enter build submenu | 13 | |
| Enter hero's abilities submenu | 12 | |
| Give item / drop item | 3 | |
| Remove unit from queue | 1 | |
| Right click | 509 | |
| Select / deselect | 291 | |
| Select group hotkey | 137 | |
| Use ability | 106 | |
3840 total
» units
| Acolyte | 2 | |
| Ghoul | 1 | |
| Crypt Fiend | 9 | |
| Obsidian Statue | 4 | |
| Abomination | 1 | |
| Frost Wyrm | 1 | |
18 total
» upgrades
| Burrow | 1 | |
| Web | 1 | |
| Destroyer Form | 1 | |
3 total
» buildings
| Graveyard | 1 | |
| Crypt | 1 | |
| Altar of Darkness | 1 | |
| Ziggurat | 6 | |
| Tomb of Relics | 1 | |
| Halls of the Dead | 1 | |
| Nerubian Tower | 1 | |
| Slaughterhouse | 1 | |
| Black Citadel | 1 | |
| Sacrificial Pit | 1 | |
| Boneyard | 1 | |
16 total
» build order
00:06 Graveyard
00:08 Crypt
00:41 Altar of Darkness
00:57 Ziggurat
01:26 Tomb of Relics
02:01 Ziggurat
03:44 Halls of the Dead
04:12 Ziggurat
05:37 Nerubian Tower
06:10 Slaughterhouse
06:24 Ziggurat
07:15 Black Citadel
08:46 Ziggurat
09:04 Sacrificial Pit
10:05 Boneyard
15:14 Ziggurat
» items
| Rod of Necromancy | 1 | |
| Dust of Appearance | 1 | |
| Scroll of Town Portal | 2 | |
| Orb of Corruption | 1 | |
| Scroll of Protection | 1 | |
| Potion of Lesser Invulnerability | 1 | |
7 total
uG_f_u_c_K_u (
blue | 110 APM | 1810 actions | 16:25)
3 Demon Hunter
2 Mana Burn
1 Evasion
» actions
| Assign group hotkey | 17 | |
| Basic commands | 147 | |
| Build / train | 55 | |
| ESC pressed | 3 | |
| Enter build submenu | 10 | |
| Enter hero's abilities submenu | 3 | |
| Right click | 999 | |
| Select / deselect | 337 | |
| Select group hotkey | 162 | |
| Use ability | 77 | |
1810 total
» units
» upgrades
| Ultravision | 1 | |
| Strength of the Moon | 1 | |
| Moon Armor | 1 | |
3 total
» buildings
| Altar of Elders | 1 | |
| Moon Well | 4 | |
| Ancient of War | 2 | |
| Hunter's Hall | 1 | |
| Tree of Life | 1 | |
9 total
» build order
00:10 Altar of Elders
00:19 Moon Well
01:44 Ancient of War
01:49 Hunter's Hall
02:05 Moon Well
02:25 Ancient of War
03:11 Moon Well
05:08 Moon Well
09:48 Tree of Life
» items
| Dust of Appearance | 1 | |
| Boots of Speed | 2 | |
| Scroll of Healing | 2 | |
| Potion of Lesser Invulnerability | 2 | |
7 total
team 2 (loser)

»
iNt]etheR (
yellow | 105 APM | 1730 actions | 16:25)
3 Priestess of the Moon
2 Trueshot Aura
1 Searing Arrows
» actions
| Assign group hotkey | 74 | |
| Basic commands | 26 | |
| Build / train | 52 | |
| ESC pressed | 1 | |
| Enter build submenu | 13 | |
| Enter hero's abilities submenu | 3 | |
| Right click | 712 | |
| Select / deselect | 284 | |
| Select group hotkey | 519 | |
| Use ability | 46 | |
1730 total
» units
» upgrades
» buildings
| Altar of Elders | 1 | |
| Moon Well | 4 | |
| Ancient of War | 2 | |
| Hunter's Hall | 1 | |
| Ancient Protector | 3 | |
| Ancient of Wonders | 1 | |
| Tree of Ages | 3 | |
15 total
» build order
00:04 Altar of Elders
00:18 Moon Well
01:51 Ancient of War
01:53 Hunter's Hall
02:10 Ancient of War
02:18 Moon Well
03:51 Moon Well
05:38 Moon Well
09:18 Ancient Protector
12:34 Ancient Protector
12:57 Ancient of Wonders
14:07 Ancient Protector
14:22 Tree of Ages

»
Gr33n-Lantern (
green | 122 APM | 1998 actions | 16:23)
5 Archmage
3 Summon Water Elemental
2 Brilliance Aura
2 Mountain King
1 Storm Bolt
1 Bash
1 Paladin
1 Holy Light
» actions
| Assign group hotkey | 55 | |
| Basic commands | 56 | |
| Build / train | 105 | |
| ESC pressed | 7 | |
| Enter build submenu | 27 | |
| Enter hero's abilities submenu | 8 | |
| Give item / drop item | 3 | |
| Right click | 796 | |
| Select / deselect | 387 | |
| Select group hotkey | 404 | |
| Use ability | 150 | |
1998 total
» units
| Peasant | 29 | |
| Footman | 5 | |
| Rifleman | 17 | |
| Priest | 6 | |
| Mortar Team | 2 | |
59 total
» upgrades
| Long Rifles | 1 | |
| Gunpowder | 2 | |
| Priest Training | 1 | |
| Armor | 1 | |
5 total
» buildings
| Farm | 8 | |
| Altar of Kings | 1 | |
| Barracks | 1 | |
| Blacksmith | 1 | |
| Town Hall | 2 | |
| Arcane Vault | 1 | |
| Lumber Mill | 1 | |
| Scout Tower | 6 | |
| Keep | 1 | |
| Guard Tower | 7 | |
| Arcane Sanctum | 2 | |
| Castle | 3 | |
| Workshop | 1 | |
35 total
» build order
00:06 Farm
00:07 Altar of Kings
00:49 Barracks
01:03 Farm
02:28 Farm
02:56 Farm
03:13 Blacksmith
04:30 Farm
04:42 Town Hall
05:39 Arcane Vault
06:26 Lumber Mill
06:38 Scout Tower
06:38 Scout Tower
06:39 Scout Tower
06:43 Scout Tower
06:44 Scout Tower
06:45 Keep
07:20 Guard Tower
07:20 Guard Tower
07:21 Guard Tower
07:39 Guard Tower
08:13 Guard Tower
08:56 Scout Tower
09:06 Arcane Sanctum
09:20 Castle
09:20 Castle
09:59 Arcane Sanctum
10:32 Workshop
11:29 Town Hall
12:31 Farm
12:32 Farm
15:11 Farm
» items
| Scroll of Regeneration | 4 | |
| Lesser Clarity Potion | 6 | |
| Scroll of Town Portal | 1 | |
11 total
observersHotKnives,
Dezy,
Rush[yyz],
solar.eclipse,
hugobosz,
ArMaLLoP2,
GoldenRooster,
bcboncs Chat log
(00:14 / Observers) bcboncs: yellow and green both sound familiar
(00:21 / Observers) bcboncs: and that is fucked up if it sounds familiar to me
(00:29 / Observers) bcboncs: so these two are going to destroy blue and pink
(00:33 / Observers) bcboncs: jmho
(00:47 / Observers) GoldenRooster: jmho?
(00:56 / Observers) bcboncs: just my humble/honest opinion
(01:00 / Observers) GoldenRooster: lol
(01:10 / Observers) Dezy: HUmble my ass
(01:16 / Observers) bcboncs: yeah in that case it was honest
(01:18 / Observers) bcboncs: instead of humble
(01:22 / Observers) GoldenRooster: lol
(01:29 / Observers) Dezy: You can't have a humble opinion
(01:33 / Observers) bcboncs: liar
(01:34 / Observers) Dezy: THats a fucking oxymoron
(01:38 / Observers) GoldenRooster: lo
(01:49 / Observers) bcboncs: i know it bothers me when people on the forums use it too
(01:55 / Observers) bcboncs: after writing a novel of paragraphs
(02:05 / Observers) Dezy: Just TL;DR it
(02:27 / Observers) GoldenRooster: mass militia
(02:36 / Observers) bcboncs: this strat is standard for humans on this map
(02:52 / Observers) Dezy: You are standard on this map
(02:58 / Observers) bcboncs: i fuckin love you dezy
(03:04 / Observers) Dezy: Have a BF
(03:05 / Observers) Dezy: :p
(03:09 / Observers) bcboncs: god dammit
(03:12 / Observers) GoldenRooster: mitlitia should be perminent but just hella slow
(03:29 / Observers) bcboncs: interesting
(03:51 / Observers) GoldenRooster: look
(04:03 / Observers) GoldenRooster: miltia is like a speed scroll
(04:18 / Observers) ArMaLLoP2: So who do you think is gonna win?
(04:23 / Observers) bcboncs: green/yellow
(04:27 / Observers) Dezy: God
(04:31 / Observers) Dezy: God always wins
(04:34 / Observers) Dezy: Read the Bible
(04:37 / Observers) bcboncs: god fails
(04:39 / Observers) ArMaLLoP2: ..is god part of this
(04:43 / Observers) ArMaLLoP2: no
(04:44 / Observers) Dezy: Yes
(04:45 / Observers) bcboncs: yes, i am right here.
(04:48 / Observers) Dezy: God is in your penis
(04:48 / Observers) GoldenRooster: i think greens team cause he is getting gold too pump
(04:52 / Observers) HotKnives: its 3v1 ?
(04:54 / Observers) ArMaLLoP2: lol god got crusified nigga piz
(04:57 / Observers) ArMaLLoP2: lol
(05:00 / Observers) Dezy: HE WATCHES THROUGH YOUR WANG
(05:06 / Observers) bcboncs: green is going to win
(05:09 / Observers) bcboncs: not green and yellow
(05:09 / Observers) Dezy: Pfft
(05:10 / Observers) bcboncs: just green
(05:15 / Observers) Dezy: Jesus got crucified
(05:19 / Observers) Dezy: jesus wasn't god
(05:25 / Observers) GoldenRooster: dude so many 18 year old strippers
(05:26 / Observers) Dezy: Just some crazy guy proclaiming to be God
(05:30 / Observers) GoldenRooster: its kinda sad
(05:31 / Observers) ArMaLLoP2: LOL
(05:38 / Observers) bcboncs: if jesus is a human, then god must have pooped him out righ
(05:44 / Observers) bcboncs: cause god isnt a goddess
(05:45 / Observers) Dezy: Or
(05:47 / Observers) bcboncs: god is a man
(05:51 / Observers) Dezy: Mary lied
(05:55 / Observers) Dezy: And got her cherry popped
(05:57 / Observers) bcboncs: she was a whore?
(05:58 / Observers) bcboncs: wtf...
(06:04 / Observers) bcboncs: i had my suspicions.
(06:23 / Observers) GoldenRooster: i guess she is alowed to be
(06:24 / Observers) GoldenRooster: i mean
(06:30 / Observers) GoldenRooster: she had a baby without haveing sex
(06:37 / Observers) bcboncs: iono man
(06:40 / Observers) Dezy: Sounds like bullshit to me
(06:44 / Observers) GoldenRooster: kinda takes the fun outa it
(06:50 / Observers) bcboncs: lemme guess she sat on the toilet seat
(06:54 / Observers) bcboncs: and got pregnant
(06:56 / Observers) bcboncs: crazy shit
(06:58 / Observers) GoldenRooster: lol
(07:22 / Observers) GoldenRooster: well
(07:30 / Observers) GoldenRooster: people have botox
(07:32 / Observers) GoldenRooster: and
(07:35 / Observers) GoldenRooster: give blood
(07:35 / Observers) bcboncs: blue has an interesting base.
(07:37 / Observers) GoldenRooster: every day
(07:43 / Observers) Dezy: Botox = snake venom
(07:45 / Observers) Dezy: LoL
(07:48 / Observers) GoldenRooster: lol
(08:16 / Observers) bcboncs: green fuckin owns
(08:38 / Observers) GoldenRooster: what if they made a moderncraft
(08:44 / Observers) GoldenRooster: oooOOoOoOoO
(08:45 / Observers) bcboncs: i'd hit it
(08:48 / Observers) GoldenRooster: lol
(08:56 / Observers) Dezy: I'd kill every Blizzard employee
(09:02 / Observers) bcboncs: it would be like religion vs science
(09:02 / Observers) GoldenRooster: lol
(09:12 / Observers) bcboncs: you got some priests and shit and then you have some science teachers
(09:14 / Observers) GoldenRooster: nice
(09:21 / Observers) bcboncs: then you got the chemists against the nuns
(09:24 / Observers) bcboncs: fuck those nuns
(09:31 / Observers) GoldenRooster: scientology verse christianity?
(09:41 / Observers) Dezy: scientology = cult
(09:42 / Observers) bcboncs: no way
(09:43 / Observers) Dezy: Noob
(09:52 / Observers) bcboncs: you need the muslims
(09:55 / Observers) GoldenRooster: cults are fun
(09:58 / Observers) GoldenRooster: i guess
(10:04 / Observers) bcboncs: otherwise they wouldn't risk their lives without selling them some imaginary virgins
(10:16 / Observers) bcboncs: aka brainwash
(10:17 / Observers) bcboncs: gg
(10:34 / Observers) GoldenRooster: i gues that would be red alert
(10:36 / Observers) ArMaLLoP2: Do you guys clean your computers?
(10:52 / Observers) GoldenRooster: when it needs it
(11:12 / Observers) GoldenRooster: rape
(11:35 / Observers) GoldenRooster: look at that
(11:54 / Observers) ArMaLLoP2: gg
(11:55 / Observers) GoldenRooster: good battle though
(12:01 / Observers) Dezy: .
(12:08 / Observers) bcboncs: hunts just got fucked up
(12:12 / Observers) GoldenRooster: yah
(12:16 / Observers) GoldenRooster: yellow lost so many
(12:18 / Observers) bcboncs: yellow sucks
(12:22 / Observers) GoldenRooster: its like why build them
(12:23 / Observers) bcboncs: green had a shitty teammate
(12:34 / Observers) bcboncs: archers > fiends
(12:35 / Observers) GoldenRooster: green owns
(12:39 / Observers) bcboncs: rifles > hunts
(12:44 / Observers) GoldenRooster: he owns so much it makes everyone else look noob
(12:46 / Observers) bcboncs: thereblue blue pink lose if yellow massed archers
(12:51 / Observers) hugobosz: yellow has a tree of life end of story
(13:24 / Observers) GoldenRooster: pink ftw
(13:36 / Observers) Dezy: yellow needs to stop hero focus
(14:29 / Observers) GoldenRooster: oh shit L just died in death knote
(14:40 / Observers) ArMaLLoP2: hey how is it possible of a piece of the computer to fall out
(14:53 / Observers) ArMaLLoP2: inside burnt?
(15:45 / Observers) Rush[yyz]: ew
(15:48 / Observers) Rush[yyz]: positioning
(15:49 / Observers) Rush[yyz]: wtf
(15:51 / Observers) hugobosz: yellow
(16:02 / Observers) Rush[yyz]: battle woulde been
(16:05 / Observers) Rush[yyz]: so much better